TOP OF THE 1ST |
Colorado Springs Sky Sox batting - Pitching for Iowa Cubs : RHP Rashid bin Ala'
|
Pitching: RHP Rashid bin Ala'
|
|
Batting: RHB Orlando Fernandez
|
0-0: Ground out 5-3 (Groundball, 56S, EV 80.6 MPH)
|
Batting: RHB Justin Williams
|
0-0: Ball 1-0: Ground out 6-3 (Groundball, 6, EV 83.1 MPH)
|
Batting: RHB Sterling Acosta
|
0-0: Swinging Strike 0-1: Called Strike 0-2: Strikes out swinging
|
Top of the 1st over - 0 runs, 0 hits, 0 errors, 0 left on base; Colorado Springs 0 - Iowa 0 |
BOTTOM OF THE 1ST |
Iowa Cubs batting - Pitching for Colorado Springs Sky Sox : LHP Tristan Morrow
|
Pitching: LHP Tristan Morrow
|
|
Batting: RHB Andy Wasierski
|
0-0: Called Strike 0-1: Ball 1-1: Ball 2-1: Ball 3-1: TRIPLE (Line Drive, 7LD, EV 108.8 MPH)
|
Batting: SHB Tim Hone
|
0-0: Called Strike 0-1: SINGLE (Groundball, 6D, EV 94.4 MPH) Andy Wasierski scores
|
Batting: RHB Adam O'Hare
|
0-0: Ball 1-0: 2-RUN HOME RUN (Flyball, 7D, EV 98.1 MPH), Distance : 374 ft
|
Batting: RHB Francisco Ramirez
|
0-0: Ball 1-0: Called Strike 1-1: Fly out, F9 (Flyball, 9D, EV 102.5 MPH)
|
Batting: SHB Steve DiDomenico
|
0-0: Foul Ball, location: 2F 0-1: Called Strike 0-2: Strikes out swinging
|
Batting: LHB Chris Morgan
|
0-0: Called Strike 0-1: Ball 1-1: Ball 2-1: Swinging Strike 2-2: Strikes out swinging
|
Bottom of the 1st over - 3 runs, 3 hits, 0 errors, 0 left on base; Colorado Springs 0 - Iowa 3 |
TOP OF THE 2ND |
Colorado Springs Sky Sox batting - Pitching for Iowa Cubs : RHP Rashid bin Ala'
|
Batting: LHB Tony Ponce
|
0-0: Ball 1-0: Foul Ball, location: 2F 1-1: Foul Ball, location: 2F 1-2: Foul Ball, location: 2F 1-2: Strikes out swinging
|
Batting: RHB Eduardo Camacho
|
0-0: Ground out U3 (Groundball, 34, EV 107.5 MPH)
|
Batting: RHB R.J. Anchondo
|
0-0: Ball 1-0: Foul Ball, location: 2F 1-1: Ball 2-1: SINGLE (Groundball, 56D, EV 105.0 MPH)
|
Batting: RHB Fu-Kang Duan
|
0-0: Foul Ball, location: 2F 0-1: Called Strike 0-2: SINGLE (Groundball, 56D, EV 106.9 MPH) R.J. Anchondo to second
|
Batting: RHB Dwane Reed
|
0-0: Ball 1-0: Called Strike 1-1: Ball 2-1: Ball 3-1: Called Strike 3-2: Base on Balls R.J. Anchondo to third Fu-Kang Duan to second
|
Batting: RHB Ethan McCullough
|
0-0: Ground out 4-3 (Groundball, 4, EV 85.6 MPH)
|
Top of the 2nd over - 0 runs, 2 hits, 0 errors, 3 left on base; Colorado Springs 0 - Iowa 3 |
BOTTOM OF THE 2ND |
Iowa Cubs batting - Pitching for Colorado Springs Sky Sox : LHP Tristan Morrow
|
Batting: LHB John Holst
|
0-0: Ball 1-0: Ball 2-0: Swinging Strike 2-1: Ground out 4-3 (Groundball, 4, EV 77.5 MPH)
|
Batting: RHB Peter Croston
|
0-0: Ground out 6-3 (Groundball, 6, EV 90.6 MPH)
|
Batting: SHB Nick Chandler
|
0-0: Fly out, F7 (Line Drive, 7, EV 85.6 MPH)
|
Bottom of the 2nd over - 0 runs, 0 hits, 0 errors, 0 left on base; Colorado Springs 0 - Iowa 3 |
TOP OF THE 3RD |
Colorado Springs Sky Sox batting - Pitching for Iowa Cubs : RHP Rashid bin Ala'
|
Batting: RHB Orlando Fernandez
|
0-0: Ball 1-0: Foul Ball, location: 2F 1-1: Foul Ball, location: 2F 1-2: Strikes out swinging, 2-3 out at first.
|
Batting: RHB Justin Williams
|
0-0: Called Strike 0-1: Ball 1-1: Foul Ball, location: 2F 1-2: SINGLE (Groundball, 6D, EV 103.1 MPH)
|
Batting: RHB Sterling Acosta
|
0-0: Ball 1-0: Foul Ball, location: 2F 1-1: Ball Justin Williams is caught stealing 2nd base 2-4 2-1: Swinging Strike 2-2: Strikes out looking
|
Top of the 3rd over - 0 runs, 1 hit, 0 errors, 0 left on base; Colorado Springs 0 - Iowa 3 |
BOTTOM OF THE 3RD |
Iowa Cubs batting - Pitching for Colorado Springs Sky Sox : LHP Tristan Morrow
|
Batting: RHB Andy Wasierski
|
0-0: SINGLE (Groundball, 5L, EV 90.0 MPH) (infield hit)
|
Batting: SHB Tim Hone
|
0-0: Ball Wild Pitch! Andy Wasierski to second 1-0: Ground out 6-3 (Groundball, 56, EV 105.0 MPH)
|
Batting: RHB Adam O'Hare
|
0-0: Foul Ball, location: 2F 0-1: Ball 1-1: Fly out, F8 (Line Drive, 8RD, EV 88.8 MPH)
|
Batting: RHB Francisco Ramirez
|
0-0: Ball 1-0: Ball 2-0: Foul Ball, location: 2F 2-1: Swinging Strike 2-2: Ball 3-2: Ground out 6-3 (Groundball, 56, EV 100.6 MPH)
|
Bottom of the 3rd over - 0 runs, 1 hit, 0 errors, 1 left on base; Colorado Springs 0 - Iowa 3 |
TOP OF THE 4TH |
Colorado Springs Sky Sox batting - Pitching for Iowa Cubs : RHP Rashid bin Ala'
|
Batting: LHB Tony Ponce
|
0-0: Foul Ball, location: 2F 0-1: Foul Ball, location: 2F 0-2: Fly out, F4 (Popup, 4S, EV 78.8 MPH)
|
Batting: RHB Eduardo Camacho
|
0-0: Ball 1-0: Ball 2-0: Fly out, F4 (Popup, 13S, EV 86.9 MPH)
|
Batting: RHB R.J. Anchondo
|
0-0: Foul Ball, location: 2F 0-1: Called Strike 0-2: Foul Ball, location: 2F 0-2: Fly out, F8 (Flyball, 8LM, EV 81.2 MPH)
|
Top of the 4th over - 0 runs, 0 hits, 0 errors, 0 left on base; Colorado Springs 0 - Iowa 3 |
BOTTOM OF THE 4TH |
Iowa Cubs batting - Pitching for Colorado Springs Sky Sox : LHP Tristan Morrow
|
Batting: SHB Steve DiDomenico
|
0-0: Ball 1-0: Swinging Strike 1-1: Called Strike 1-2: Ground out 1-3 (Groundball, 13S, EV 66.9 MPH)
|
Batting: LHB Chris Morgan
|
0-0: Ball 1-0: Ball 2-0: Foul Ball, location: 2F 2-1: Ball 3-1: Base on Balls
|
Batting: LHB John Holst
|
0-0: Ball 1-0: Ball 2-0: TRIPLE (Flyball, 7D, EV 109.4 MPH) Chris Morgan scores
|
Batting: RHB Peter Croston
|
0-0: Called Strike 0-1: Ball 1-1: Ball 2-1: Called Strike 2-2: Strikes out swinging
|
Batting: SHB Nick Chandler
|
0-0: Called Strike 0-1: Swinging Strike 0-2: Ball 1-2: Foul Ball, location: 2F 1-2: Ball 2-2: Strikes out swinging
|
Bottom of the 4th over - 1 run, 1 hit, 0 errors, 1 left on base; Colorado Springs 0 - Iowa 4 |
TOP OF THE 5TH |
Colorado Springs Sky Sox batting - Pitching for Iowa Cubs : RHP Rashid bin Ala'
|
Batting: RHB Fu-Kang Duan
|
0-0: Ground out U3 (Groundball, 3, EV 80.6 MPH)
|
Batting: RHB Dwane Reed
|
0-0: Called Strike 0-1: Ball 1-1: Swinging Strike 1-2: Strikes out swinging
|
Batting: RHB Ethan McCullough
|
0-0: Fly out, F3 (Popup, 3SF, EV 83.8 MPH)
|
Top of the 5th over - 0 runs, 0 hits, 0 errors, 0 left on base; Colorado Springs 0 - Iowa 4 |
BOTTOM OF THE 5TH |
Iowa Cubs batting - Pitching for Colorado Springs Sky Sox : LHP Tristan Morrow
|
Batting: RHB Andy Wasierski
|
0-0: Called Strike 0-1: Ball 1-1: Swinging Strike 1-2: Strikes out swinging
|
Batting: SHB Tim Hone
|
0-0: Ball 1-0: Called Strike 1-1: Ball 2-1: Ground out 6-3 (Groundball, 6, EV 98.1 MPH)
|
Batting: RHB Adam O'Hare
|
0-0: Ball 1-0: Fly out, F8 (Line Drive, 8RD, EV 88.8 MPH)
|
Bottom of the 5th over - 0 runs, 0 hits, 0 errors, 0 left on base; Colorado Springs 0 - Iowa 4 |
TOP OF THE 6TH |
Colorado Springs Sky Sox batting - Pitching for Iowa Cubs : RHP Rashid bin Ala'
|
Batting: RHB Orlando Fernandez
|
0-0: Foul Ball, location: 2F 0-1: Swinging Strike 0-2: Ball 1-2: Ball 2-2: DOUBLE (Flyball, 89XD, EV 113.1 MPH)
|
Batting: RHB Justin Williams
|
0-0: Swinging Strike 0-1: DOUBLE (Line Drive, 89XD, EV 97.5 MPH) Orlando Fernandez scores
|
Batting: RHB Sterling Acosta
|
0-0: Ball 1-0: Fly out, F7 (Line Drive, 7D, EV 95.6 MPH)
|
Pitching: RHP Josh Ready
|
|
Batting: LHB Tony Ponce
|
0-0: Ball 1-0: Ball 2-0: Ball 3-0: Base on Balls
|
Batting: RHB Eduardo Camacho
|
0-0: Ball 1-0: Ball 2-0: Foul Ball, location: 2F 2-1: Ball 3-1: Base on Balls Justin Williams to third Tony Ponce to second
|
Batting: RHB R.J. Anchondo
|
0-0: Called Strike 0-1: Foul Ball, location: 2F 0-2: Ball 1-2: Ball 2-2: Ball 3-2: Foul Ball, location: 2F 3-2: Strikes out swinging
|
Batting: RHB Fu-Kang Duan
|
0-0: Called Strike 0-1: Foul Ball, location: 2F 0-2: Ball 1-2: Ball 2-2: Ball 3-2: Base on Balls Justin Williams scores Tony Ponce to third Eduardo Camacho to second
|
Pitching: RHP Bryant Bradley
|
|
Batting: RHB Dwane Reed
|
0-0: Ball 1-0: Foul Ball, location: 2F 1-1: Called Strike 1-2: Ball 2-2: Ground out 3-1 (Groundball, 34, EV 100.6 MPH)
|
Top of the 6th over - 2 runs, 2 hits, 0 errors, 3 left on base; Colorado Springs 2 - Iowa 4 |
BOTTOM OF THE 6TH |
Iowa Cubs batting - Pitching for Colorado Springs Sky Sox : LHP Tristan Morrow
|
Batting: RHB Francisco Ramirez
|
0-0: Ball 1-0: SINGLE (Line Drive, 5D, EV 105.0 MPH)
|
Batting: SHB Steve DiDomenico
|
0-0: Foul Ball, location: 2F 0-1: Foul Ball, location: 2F 0-2: Ball 1-2: Fly out, F6 (Flyball, 6MD, EV 95.0 MPH)
|
Batting: LHB Chris Morgan
|
0-0: Ball 1-0: Ball 2-0: DOUBLE (Line Drive, 89D, EV 110.0 MPH) Francisco Ramirez to third
|
Batting: LHB John Holst
|
0-0: Hit by Pitch
|
Batting: RHB Peter Croston
|
0-0: Called Strike 0-1: Called Strike 0-2: Grounds into fielders choice U2 (Groundball, 15S, EV 63.8 MPH) Chris Morgan to third John Holst to second
|
Batting: SHB Nick Chandler
|
0-0: Ball 1-0: Fielders Choice at 2nd, 6-4 (Groundball, 56, EV 85.6 MPH)
|
Bottom of the 6th over - 0 runs, 2 hits, 0 errors, 3 left on base; Colorado Springs 2 - Iowa 4 |
TOP OF THE 7TH |
Colorado Springs Sky Sox batting - Pitching for Iowa Cubs : RHP Bryant Bradley
|
Batting: RHB Ethan McCullough
|
0-0: Ball 1-0: Fly out, F8 (Flyball, 89M, EV 96.9 MPH)
|
Batting: RHB Orlando Fernandez
|
0-0: Ball 1-0: Ball 2-0: Foul Ball, location: 2F 2-1: Ball 3-1: Ground out 5-3 (Groundball, 56, EV 90.0 MPH)
|
Batting: RHB Justin Williams
|
0-0: Called Strike 0-1: Foul Ball, location: 2F 0-2: Strikes out swinging
|
Top of the 7th over - 0 runs, 0 hits, 0 errors, 0 left on base; Colorado Springs 2 - Iowa 4 |
BOTTOM OF THE 7TH |
Iowa Cubs batting - Pitching for Colorado Springs Sky Sox : LHP Tristan Morrow
|
Batting: RHB Andy Wasierski
|
0-0: Foul Ball, location: 2F 0-1: Ball 1-1: Foul Ball, location: 2F 1-2: Strikes out swinging
|
Batting: SHB Tim Hone
|
0-0: Foul Ball, location: 2F 0-1: Hit by Pitch
|
Batting: RHB Adam O'Hare
|
0-0: Called Strike 0-1: Ball 1-1: Ball 2-1: Grounds into double play, 6-4-3 (Groundball, 6, EV 110.6 MPH)
|
Bottom of the 7th over - 0 runs, 0 hits, 0 errors, 0 left on base; Colorado Springs 2 - Iowa 4 |
TOP OF THE 8TH |
Colorado Springs Sky Sox batting - Pitching for Iowa Cubs : RHP Bryant Bradley
|
Pitching: RHP Willie Ramos
|
|
Batting: RHB Sterling Acosta
|
0-0: Called Strike 0-1: Called Strike 0-2: Ball 1-2: Ball 2-2: Strikes out swinging
|
Batting: LHB Tony Ponce
|
0-0: Ground out 4-3 (Groundball, 4, EV 83.8 MPH)
|
Batting: RHB Eduardo Camacho
|
0-0: Ball 1-0: Called Strike 1-1: Ball 2-1: Ball 3-1: Base on Balls
|
Batting: RHB R.J. Anchondo
|
0-0: Ball 1-0: Ball 2-0: Called Strike 2-1: Called Strike 2-2: Fielders Choice at 2nd, U4 (Groundball, 4M, EV 91.9 MPH)
|
Top of the 8th over - 0 runs, 0 hits, 0 errors, 1 left on base; Colorado Springs 2 - Iowa 4 |
BOTTOM OF THE 8TH |
Iowa Cubs batting - Pitching for Colorado Springs Sky Sox : LHP Tristan Morrow
|
Pitching: LHP Steve Ransom
|
|
Batting: RHB Francisco Ramirez
|
0-0: Foul Ball, location: 2F 0-1: Ball 1-1: Ball 2-1: Foul Ball, location: 2F 2-2: SINGLE (Groundball, 6MD, EV 107.5 MPH)
|
Batting: SHB Steve DiDomenico
|
0-0: Swinging Strike 0-1: Foul Ball, location: 2F 0-2: Ball 1-2: Fly out, F7 (Line Drive, 7, EV 104.4 MPH)
|
Batting: LHB Chris Morgan
|
0-0: DOUBLE (Flyball, 8RXD, EV 98.8 MPH) Francisco Ramirez to third
|
Batting: LHB John Holst
|
Balk! Francisco Ramirez scores Chris Morgan to third 0-0: Ball 1-0: Foul Ball, location: 2F 1-1: Ball 2-1: Ball 3-1: Base on Balls
|
Batting: RHB Peter Croston
|
0-0: Ball 1-0: Ball 2-0: Called Strike 2-1: Swinging Strike 2-2: Ball 3-2: Foul Ball, location: 2F 3-2: Strikes out looking John Holst steals 2nd base Batter strikes out.
|
Batting: SHB Nick Chandler
|
0-0: Called Strike 0-1: Called Strike 0-2: Strikes out swinging
|
Bottom of the 8th over - 1 run, 2 hits, 0 errors, 2 left on base; Colorado Springs 2 - Iowa 5 |
TOP OF THE 9TH |
Colorado Springs Sky Sox batting - Pitching for Iowa Cubs : RHP Willie Ramos
|
Pitching: LHP Nate George
|
|
Batting: RHB Fu-Kang Duan
|
0-0: Foul Ball, location: 2F 0-1: Ball 1-1: Called Strike 1-2: Ball 2-2: Foul Ball, location: 2F 2-2: SINGLE (Flyball, 89S, EV 88.1 MPH)
|
Batting: RHB Dwane Reed
|
0-0: Hit by Pitch Fu-Kang Duan to second
|
Batting: RHB Ethan McCullough
|
0-0: Called Strike 0-1: Ball 1-1: Ball 2-1: Swinging Strike 2-2: Grounds into double play, 5-4-3 (Groundball, 5, EV 90.6 MPH) Fu-Kang Duan to third
|
Batting: RHB Orlando Fernandez
|
0-0: Ground out 6-3 (Groundball, 6, EV 77.5 MPH)
|
Top of the 9th over - 0 runs, 1 hit, 0 errors, 1 left on base; Colorado Springs 2 - Iowa 5 |
|